[Event "Titled Tuesday Blitz March 01 Late 2022"]
[White "Salinas Herrera, Pablo"]
[Black "Maltsevskaya, Aleksandra"]
[WhiteFideId "3407128"]
[BlackFideId "24174041"]
[WhiteElo "2541"]
[BlackElo "2283"]
[Result "1-0"]
[Round "02"]
[TimeControl "180+1"]
[Date "2022.03.01"]
[WhiteClock "0:00:11"]
[BlackClock "0:00:08"]

1. d4 Nf6 2. Nf3 g6 3. Nbd2 Bg7 4. e4 d6 5. Bb5+ c6 6. Bd3 Nbd7 7. O-O e5 8. c3 O-O 9. Re1 Qe7 10. h3 h6 11. Nf1 Rd8 12. Ng3 b5 13. a4 bxa4 14. Qxa4 Bb7 15. Be3 Nb6 16. Qa2 c5 17. d5 a5 18. Nd2 Ba6 19. Bxa6 Rxa6 20. b4 Nfd7 21. bxa5 Rda8 22. Nb3 Nc4 23. Qe2 Nxa5 24. Ra4 c4 25. Nxa5 Rxa5 26. Rxa5 Rxa5 27. Qxc4 Nc5 28. Rb1 h5 29. Qb4 Ra2 30. Bxc5 dxc5 31. Qc4 Qa7 32. d6 Rd2 33. Nf1 Rxd6 34. Ne3 Rd2 35. Qb3 Qe7 36. Rd1 Re2 37. Kf1 Rxe3 38. fxe3 Qh4 39. Qd5 Qg3 40. Qd2 Bh6 41. Qf2 Qh2 42. Rd8+ Kg7 43. Rd7 Qh1+ 44. Ke2 Kh8 45. Rxf7 Qb1 46. Qf6+ Kg8 47. Qxg6+ 1-0


[Site "https://www.chess.com"]

[Event "Titled Tuesday Blitz March 01 Late 2022"]
[White "Saraci, Nderim"]
[Black "Rosen, Eric"]
[WhiteFideId "6351921"]
[BlackFideId "2032562"]
[WhiteElo "2573"]
[BlackElo "2362"]
[Result "1-0"]
[Round "02"]
[TimeControl "180+1"]
[Date "2022.03.01"]
[WhiteClock "0:02:43"]
[BlackClock "0:02:30"]

1. b3 e5 2. Bb2 Nc6 3. e3 Nf6 4. c4 d5 5. cxd5 Nxd5 6. Nc3 Nxc3 7. Bxc3 Bd6 8. Nf3 O-O 9. d4 Qe7 10. dxe5 Nxe5 11. Be2 Bb4 12. Qd4 Nc6 13. Qxg7# 1-0


[Site "https://www.chess.com"]

[Event "Titled Tuesday Blitz March 01 Late 2022"]
[White "Sarana, Alexey"]
[Black "Djokic, Mihailo"]
[WhiteFideId "24133795"]
[BlackFideId "976440"]
[WhiteElo "2665"]
[BlackElo "2008"]
[Result "1-0"]
[Round "02"]
[TimeControl "180+1"]
[Date "2022.03.01"]
[WhiteClock "0:00:23"]
[BlackClock "0:00:01"]

1. d4 Nf6 2. c4 g6 3. Nc3 d6 4. e4 Bg7 5. Be2 O-O 6. Be3 e5 7. d5 Na6 8. g4 Nc5 9. f3 a5 10. h4 c6 11. h5 cxd5 12. cxd5 Bd7 13. Nh3 a4 14. Qd2 Qa5 15. h6 Bh8 16. Nf2 Rfc8 17. Rc1 b5 18. O-O b4 19. Ncd1 Bb5 20. Bxc5 Bxe2 21. Qxe2 Rxc5 22. Ne3 Rac8 23. Nd3 Rxc1 24. Rxc1 Rxc1+ 25. Nxc1 Qc5 26. Nd3 Qd4 27. Kg2 a3 28. Nc2 axb2 29. Nxd4 b1=Q 30. Nc6 b3 31. axb3 Qxb3 32. Nf2 Qb6 33. Qa2 Qb7 34. Qa5 Qd7 35. Qa8+ Ne8 36. Nd1 Bf6 37. Ne3 Bg5 38. Nc4 Kf8 39. Qa3 f6 40. Qa8 Bxh6 41. Nd8 Ke7 42. Ne6 Nc7 43. Qh8 Nxe6 44. dxe6 Qxe6 45. Nb6 Qf7 46. Nd5+ Kd7 47. Qb8 Bf8 48. Qc7+ Ke6 49. Qc8+ Qd7 50. Qxf8 Qf7 51. Qc8+ Qd7 52. Qg8+ Qf7 53. Qh8 f5 54. Qc8+ Qd7 55. Qg8+ Qf7 56. gxf5+ gxf5 57. exf5+ 1-0


[Site "https://www.chess.com"]

[Event "Titled Tuesday Blitz March 01 Late 2022"]
[White "Sargsyan, Anna M."]
[Black "Bacrot, Etienne"]
[WhiteFideId "13308130"]
[BlackFideId "605506"]
[WhiteElo "2271"]
[BlackElo "2673"]
[Result "0-1"]
[Round "02"]
[TimeControl "180+1"]
[Date "2022.03.01"]
[WhiteClock "0:00:16"]
[BlackClock "0:00:02"]

1. d4 Nf6 2. c4 c6 3. Nf3 d5 4. Nc3 e6 5. e3 Nbd7 6. Bd3 Bd6 7. Qc2 dxc4 8. Bxc4 b5 9. Bd3 Bb7 10. e4 e5 11. Bg5 h6 12. Bh4 exd4 13. Nxd4 g5 14. Nf5 Nc5 15. O-O-O Bf4+ 16. Kb1 gxh4 17. Ne2 Ne6 18. Bxb5 cxb5 19. Rxd8+ Rxd8 20. f3 Be5 21. Nc3 a6 22. Nxh4 O-O 23. Nf5 Kh7 24. h4 Rc8 25. Qd2 Bf4 26. Qf2 Rfd8 27. g3 Bd2 28. g4 b4 29. Nd5 Nxd5 30. exd5 Rxd5 31. Rd1 Rcd8 32. Qe2 Bf4 33. Rxd5 Rxd5 34. b3 Bc6 35. Qxa6 Bb5 36. Qb7 Rd1+ 37. Kb2 Rd2+ 38. Ka1 Be5+ 39. Kb1 Bb2 40. Qxb5 Bc3 41. Qb7 Kg6 42. Ne7+ Kf6 43. Nd5+ Ke5 44. Nxb4 Nd4 45. Qe4+ Kd6 46. Nd5 Rd1# 0-1


[Site "https://www.chess.com"]

[Event "Titled Tuesday Blitz March 01 Late 2022"]
[White "Sarkar, Justin"]
[Black "Ibadov, Dashgyn"]
[WhiteFideId "2010011"]
[BlackFideId "24107514"]
[WhiteElo "2038"]
[BlackElo "2084"]
[Result "0-1"]
[Round "02"]
[TimeControl "180+1"]
[Date "2022.03.02"]
[WhiteClock "0:01:35"]
[BlackClock "0:02:01"]

1. e4 c5 2. Nf3 d6 3. d4 cxd4 4. Nxd4 Nf6 5. Nc3 a6 6. Bg5 Nbd7 7. Be2 e6 8. O-O Be7 9. Qd2 Qc7 10. a4 b6 11. f4 Bb7 12. Bf3 Rc8 13. Rae1 h6 14. Bh4 Nxe4 15. Nxe4 Bxh4 16. Nxe6 fxe6 17. Nxd6+ Kf8 18. Bxb7 Bxe1 19. Rxe1 Rd8 0-1


[Site "https://www.chess.com"]

[Event "Titled Tuesday Blitz March 01 Late 2022"]
[White "Silva, Kaua Marques"]
[Black "Sadilek, Peter"]
[WhiteFideId "22701168"]
[BlackFideId "1616439"]
[WhiteElo "2013"]
[BlackElo "2145"]
[Result "1-0"]
[Round "02"]
[TimeControl "180+1"]
[Date "2022.03.02"]
[WhiteClock "0:02:19"]
[BlackClock "0:01:39"]

1. e4 d6 2. d4 Nf6 3. Nc3 g6 4. f3 c6 5. Be3 b5 6. Qd2 Nbd7 7. h4 h6 8. O-O-O Bg7 9. g4 Bb7 10. h5 g5 11. Nge2 Nb6 12. Ng3 e6 13. d5 b4 14. Nb1 cxd5 15. Bb5+ Kf8 16. Qxb4 dxe4 17. Rxd6 Qe7 18. Bc5 Nfd5 19. Rxd5 Nxd5 20. Bxe7+ Nxe7 21. Nxe4 Bxe4 22. fxe4 Rb8 23. Qd6 1-0


[Site "https://www.chess.com"]

[Event "Titled Tuesday Blitz March 01 Late 2022"]
[White "Srebrnic, Marko"]
[Black "Urbina Perez, Juan Antonio"]
[WhiteFideId "14603616"]
[BlackFideId "2217368"]
[WhiteElo "2340"]
[BlackElo "2192"]
[Result "1-0"]
[Round "02"]
[TimeControl "180+1"]
[Date "2022.03.02"]
[WhiteClock "0:00:09"]
[BlackClock "0:00:21"]

1. e4 c5 2. Nf3 d6 3. d4 cxd4 4. Nxd4 Nf6 5. Nc3 Nc6 6. Bc4 e6 7. O-O Qb6 8. Nde2 Be7 9. Be3 Qxb2 10. Rb1 Qa3 11. Nb5 Qa5 12. Nxd6+ Bxd6 13. Qxd6 Nxe4 14. Qf4 Qf5 15. Qxf5 exf5 16. Rfd1 O-O 17. f3 Nf6 18. Bc5 Re8 19. Nf4 Nd7 20. Bd6 Nb6 21. Bb5 Be6 22. a4 Rad8 23. a5 Nc8 24. Bc5 a6 25. Bxc6 bxc6 26. Rxd8 Rxd8 27. Rb8 g5 28. Nd3 Kg7 29. Kf2 Rd5 30. Ke3 f4+ 31. Ke2 Nd6 32. Bxd6 Rxd6 33. Rb6 Bc4 34. Kd2 Kf6 35. Kc3 Bb5 36. Nc5 h5 37. Nxa6 Bxa6 38. Rxa6 Ke5 39. Rb6 Kd5 40. a6 Rd8 41. Rb7 Ra8 42. a7 f6 43. Rf7 Ke6 44. Rh7 h4 45. Kc4 Kd6 46. h3 Re8 47. Rb7 Ra8 48. Kd4 f5 49. Kc4 c5 50. Rh7 Kc6 51. Rg7 Kd6 52. Rh7 Kc6 53. Rh6+ Kb7 54. Kb5 Kxa7 55. Ra6+ Kb7 56. Rxa8 Kxa8 57. Kxc5 g4 58. Kd5 gxf3 59. gxf3 1-0


[Site "https://www.chess.com"]

[Event "Titled Tuesday Blitz March 01 Late 2022"]
[White "Stanisz, Patryk"]
[Black "Przybylski, Wojciech"]
[WhiteFideId "1123106"]
[BlackFideId "1117599"]
[WhiteElo "1876"]
[BlackElo "2133"]
[Result "0-1"]
[Round "02"]
[TimeControl "180+1"]
[Date "2022.03.02"]
[WhiteClock "0:00:06"]
[BlackClock "0:00:48"]

1. Nf3 Nf6 2. g3 d5 3. Bg2 Bg4 4. Ne5 Bf5 5. O-O c6 6. d4 Nbd7 7. c4 e6 8. Nd2 Bd6 9. Nxd7 Qxd7 10. b3 a5 11. f3 Bg6 12. Bb2 O-O 13. e4 dxe4 14. fxe4 Bh5 15. Qe1 e5 16. dxe5 Bc5+ 17. Kh1 Ng4 18. Rf5 Bd4 19. Bxd4 Qxd4 20. h3 Ne3 21. Rxh5 Nc2 22. Qg1 Qxa1 23. Qxa1 Nxa1 24. Bf1 Nc2 25. Rf5 Nd4 26. Rf2 Rfd8 27. Nf3 Nxf3 28. Rxf3 Rd2 29. c5 Rad8 30. h4 Rxa2 31. Bc4 Rd1+ 32. Rf1 Rxf1+ 33. Bxf1 Rf2 34. Kg1 Rf3 35. Kg2 Rxb3 36. Bc4 0-1


[Site "https://www.chess.com"]

[Event "Titled Tuesday Blitz March 01 Late 2022"]
[White "Stankovic, Ivan G"]
[Black "Gledura, Benjamin"]
[WhiteFideId "902837"]
[BlackFideId "712779"]
[WhiteElo "2195"]
[BlackElo "2326"]
[Result "0-1"]
[Round "02"]
[TimeControl "180+1"]
[Date "2022.03.02"]
[WhiteClock "0:00:01"]
[BlackClock "0:00:49"]

1. e4 c5 2. c4 Nc6 3. Nc3 g6 4. g3 Bg7 5. Bg2 d6 6. Nge2 e6 7. d3 Nge7 8. Be3 Nd4 9. Rb1 O-O 10. a3 Rb8 11. O-O a6 12. b4 b6 13. Qd2 Bb7 14. Bh6 e5 15. Bxg7 Kxg7 16. bxc5 bxc5 17. Nxd4 cxd4 18. Na2 f5 19. Rb2 fxe4 20. Rfb1 Qc7 21. Qe1 Bc6 22. Bxe4 a5 23. Nc1 Rxb2 24. Rxb2 Rb8 25. Rxb8 Qxb8 26. Bxc6 Nxc6 27. Qe4 Nd8 28. Ne2 Qb2 29. Kg2 Qxa3 30. f4 Qc5 31. fxe5 dxe5 32. g4 Qc6 33. Kf3 a4 34. Qxc6 Nxc6 35. Ke4 a3 36. Nc1 Nb4 37. c5 Kf6 38. c6 Nxc6 39. Na2 Ke6 40. h4 h5 41. gxh5 gxh5 42. Nc1 Nb4 43. Nb3 a2 44. Na1 Nd5 45. Nb3 Nc3+ 46. Kf3 Kf5 47. Na1 Nd5 48. Nc2 Nf4 0-1


[Site "https://www.chess.com"]

[Event "Titled Tuesday Blitz March 01 Late 2022"]
[White "Suder, Jakub"]
[Black "Lopez Del Alamo, Antonio"]
[WhiteFideId "1195310"]
[BlackFideId "2227339"]
[WhiteElo "2058"]
[BlackElo "2082"]
[Result "1-0"]
[Round "02"]
[TimeControl "180+1"]
[Date "2022.03.02"]
[WhiteClock "0:01:47"]
[BlackClock "0:01:12"]

1. d4 Nf6 2. c4 g6 3. Nc3 Bg7 4. e4 d6 5. Be2 O-O 6. Nf3 e5 7. O-O Nc6 8. d5 Ne7 9. Ne1 Nd7 10. Be3 f5 11. f3 f4 12. Bf2 g5 13. Nb5 a6 14. Na7 Rxa7 15. Bxa7 b6 16. b4 Bb7 17. c5 dxc5 18. Qa4 Nc8 19. Bxa6 Bxa6 20. Qxa6 cxb4 21. Nd3 Qe7 22. Rac1 Nxa7 23. Qxa7 Nc5 24. Nxc5 bxc5 25. Qxc5 1-0


[Site "https://www.chess.com"]

[Event "Titled Tuesday Blitz March 01 Late 2022"]
[White "Suleymanli, Aydin"]
[Black "Hamley, Ryan"]
[WhiteFideId "13413937"]
[BlackFideId "30959497"]
[WhiteElo "2529"]
[BlackElo "2587"]
[Result "1-0"]
[Round "02"]
[TimeControl "180+1"]
[Date "2022.03.01"]
[WhiteClock "0:00:54"]
[BlackClock "0:00:01"]

1. e4 c6 2. Nf3 g6 3. Nc3 d5 4. h4 h5 5. d4 dxe4 6. Nxe4 Bg7 7. Bc4 Nf6 8. Neg5 O-O 9. Ne5 Nd5 10. O-O Bf5 11. Ngf3 Nd7 12. Re1 Nxe5 13. Nxe5 Qd6 14. Bb3 Rad8 15. Qf3 Nc7 16. Bf4 Nd5 17. Bg3 Qf6 18. c3 a5 19. a3 Nb6 20. Ba2 e6 21. Re2 Nd7 22. Rae1 Nxe5 23. Rxe5 Qe7 24. Rxa5 b6 25. Rxf5 gxf5 26. Qxc6 Qf6 27. Qf3 Qg6 28. Bc4 Rfe8 29. Be2 e5 30. dxe5 Bxe5 31. Bb5 Bxg3 32. Rxe8+ Rxe8 33. Bxe8 Bxh4 34. Bd7 Qg5 35. g3 Qc1+ 36. Kg2 Be7 37. Qe2 f4 38. Qxe7 Qxb2 39. Qg5+ 1-0


[Site "https://www.chess.com"]

[Event "Titled Tuesday Blitz March 01 Late 2022"]
[White "Tanenbaum, Zachary"]
[Black "Martinez Alcantara, Jose Eduardo"]
[WhiteFideId "2060850"]
[BlackFideId "3805662"]
[WhiteElo "2168"]
[BlackElo "2690"]
[Result "0-1"]
[Round "02"]
[TimeControl "180+1"]
[Date "2022.03.01"]
[WhiteClock "0:00:27"]
[BlackClock "0:00:13"]

1. e4 c5 2. Nf3 d6 3. d4 cxd4 4. Nxd4 Nf6 5. Nc3 Nc6 6. Bg5 e6 7. Bb5 Bd7 8. Qd3 h6 9. Bh4 Be7 10. O-O-O Rc8 11. Bxc6 bxc6 12. Nb3 e5 13. Bxf6 gxf6 14. Nd2 Be6 15. Nc4 d5 16. exd5 cxd5 17. Ne3 d4 18. Nf5 Qa5 19. Ng7+ Kf8 20. Nxe6+ fxe6 21. Qb5 Qc7 22. Rd3 dxc3 23. Rxc3 Qb8 24. Rxc8+ Qxc8 25. Rd1 Kf7 26. Rd7 a6 27. Qd3 e4 28. Qd6 Re8 29. Ra7 Qc4 30. Qxa6 Qxa6 31. Rxa6 Bc5 32. Ra4 f5 33. f3 Rd8 34. fxe4 Be3+ 35. Kb1 Rd1# 0-1


[Site "https://www.chess.com"]

[Event "Titled Tuesday Blitz March 01 Late 2022"]
[White "Tari, Aryan"]
[Black "Hjartarson, Johann"]
[WhiteFideId "1510045"]
[BlackFideId "2300044"]
[WhiteElo "2567"]
[BlackElo "2484"]
[Result "1-0"]
[Round "02"]
[TimeControl "180+1"]
[Date "2022.03.01"]
[WhiteClock "0:00:25"]
[BlackClock "0:00:12"]

1. c4 g6 2. g3 Bg7 3. Bg2 c5 4. Nc3 Nc6 5. d3 d6 6. Qd2 Nf6 7. b3 O-O 8. Bb2 a6 9. e3 Bd7 10. Nge2 Rb8 11. h3 b5 12. O-O Qa5 13. Rad1 bxc4 14. dxc4 Qb4 15. Qc1 Rfe8 16. Nf4 Qa5 17. Qa1 Ne5 18. Ncd5 Nxd5 19. Nxd5 f6 20. f4 Nf7 21. e4 Bc6 22. e5 fxe5 23. Nxe7+ Rxe7 24. Bxc6 Nh6 25. fxe5 Bxe5 26. Bxe5 dxe5 27. Be4 Kg7 28. Rf2 Rd8 29. Rdf1 Rd2 30. Qe1 Rxa2 31. Qe3 Rxf2 32. Rxf2 Qa1+ 33. Kh2 Qd4 34. Qe1 Rf7 35. Re2 Nf5 36. Bg2 Qd3 37. Rxe5 Qxg3+ 38. Qxg3 Nxg3 39. Kxg3 1-0


[Site "https://www.chess.com"]

[Event "Titled Tuesday Blitz March 01 Late 2022"]
[White "Thavandiran, Shiyam"]
[Black "Moral Garcia, Serafin"]
[WhiteFideId "2605058"]
[BlackFideId "2201925"]
[WhiteElo "2357"]
[BlackElo "2228"]
[Result "1-0"]
[Round "02"]
[TimeControl "180+1"]
[Date "2022.03.02"]
[WhiteClock "0:00:12"]
[BlackClock "0:00:53"]

1. e4 e5 2. Bc4 Nc6 3. Nc3 Nf6 4. d3 Na5 5. Nge2 Nxc4 6. dxc4 Bc5 7. O-O c6 8. Ng3 O-O 9. Qf3 d6 10. Bg5 h6 11. Bxf6 Qxf6 12. Qxf6 gxf6 13. Na4 Be6 14. Nxc5 dxc5 15. b3 Rfd8 16. Rfd1 Kf8 17. Kf1 Ke7 18. Ke2 b5 19. cxb5 cxb5 20. Ke3 a5 21. Ne2 b4 22. a3 Rxd1 23. Rxd1 a4 24. axb4 axb3 25. bxc5 bxc2 26. Rc1 Ra2 27. Nc3 Rb2 28. Nd5+ Kd7 29. Kd2 Kc6 30. Nxf6 Kxc5 31. Rxc2+ Rxc2+ 32. Kxc2 Kd4 33. Kd2 Bc4 34. h4 Bf1 35. g4 Bg2 36. g5 hxg5 37. h5 Bxe4 38. Nxe4 Kxe4 39. h6 1-0


[Site "https://www.chess.com"]

[Event "Titled Tuesday Blitz March 01 Late 2022"]
[White "Tomiello, Mateus Costamilan"]
[Black "Zarubitski, Viachaslau"]
[WhiteFideId "22701958"]
[BlackFideId "13509373"]
[WhiteElo "1975"]
[BlackElo "2325"]
[Result "0-1"]
[Round "02"]
[TimeControl "180+1"]
[Date "2022.03.01"]
[WhiteClock "0:00:09"]
[BlackClock "0:00:59"]

1. e4 c5 2. Nf3 Nc6 3. d4 cxd4 4. Nxd4 g6 5. c4 Bg7 6. Nc2 d6 7. Be2 Nf6 8. Nc3 O-O 9. O-O Nd7 10. Bd2 a5 11. Rb1 Nc5 12. f3 Be6 13. Kh1 f5 14. b3 Bf7 15. exf5 gxf5 16. Ne3 e6 17. f4 Qh4 18. Be1 Qh6 19. Qxd6 Bxc3 20. Bxc3 Ne4 21. Nxf5 Qg6 22. Qd4 Nxd4 23. Ne7+ Kg7 24. Bxd4+ Qf6 25. Bxf6+ Kxf6 26. Bf3 Nd2 27. Rbd1 Nxf1 28. Bxb7 Rab8 29. Nc6 Rxb7 30. Rxf1 Rc8 31. Ne5 a4 32. Rf3 axb3 33. axb3 Bg6 34. Re3 Bc2 35. g4 Rxb3 36. Re2 Bd3 37. Re3 Bxc4 38. g5+ Kf5 39. Nxc4 Rb1+ 40. Kg2 Rxc4 41. Re5+ Kxf4 42. Rxe6 Rc2+ 43. Kh3 Rb3+ 0-1


[Site "https://www.chess.com"]

[Event "Titled Tuesday Blitz March 01 Late 2022"]
[White "Toncheva, Nadya"]
[Black "Grigorov, Grigor"]
[WhiteFideId "2924056"]
[BlackFideId "2907313"]
[WhiteElo "1920"]
[BlackElo "2510"]
[Result "0-1"]
[Round "02"]
[TimeControl "180+1"]
[Date "2022.03.02"]
[WhiteClock "0:00:02"]
[BlackClock "0:00:58"]

1. e4 c6 2. d4 d5 3. Nc3 dxe4 4. Nxe4 Nf6 5. Nxf6+ exf6 6. c3 Bd6 7. Bd3 O-O 8. Qc2 Re8+ 9. Ne2 h5 10. Bd2 Nd7 11. O-O-O b5 12. Ng3 Nb6 13. b3 a5 14. Rde1 a4 15. b4 h4 16. Nf5 Bxf5 17. Bxf5 Nd5 18. g3 Qc7 19. Re4 Rxe4 20. Bxe4 Re8 21. Re1 Re6 22. Bf5 Rxe1+ 23. Bxe1 Qe7 24. Qe4 hxg3 25. hxg3 g6 26. Qxe7 Nxe7 27. Bd7 f5 28. Bd2 Kg7 29. Kc2 Kf6 30. Bh6 Ng8 31. Be3 Ne7 32. Kd3 g5 33. a3 f4 34. gxf4 gxf4 35. Bd2 Kg5 36. Ke4 f5+ 37. Kf3 Bc7 38. Bc1 Bd6 39. Ke2 Kg4 40. Bd2 f3+ 41. Kf1 Bf4 42. Ke1 Bxd2+ 43. Kxd2 Kf4 44. Ke1 Ke4 45. Kd2 Kd5 46. Kc2 Ke4 47. Be8 Kf4 48. Kd2 Kg4 49. Bd7 Kh3 50. Be8 Kg2 51. Ke3 Nd5+ 52. Kd3 Kxf2 53. Bxc6 Kg1 0-1


[Site "https://www.chess.com"]

[Event "Titled Tuesday Blitz March 01 Late 2022"]
[White "Urazayev, Arystanbek"]
[Black "Fus, Jakub"]
[WhiteFideId "13709810"]
[BlackFideId "1193023"]
[WhiteElo "2321"]
[BlackElo "2111"]
[Result "1-0"]
[Round "02"]
[TimeControl "180+1"]
[Date "2022.03.01"]
[WhiteClock "0:01:33"]
[BlackClock "0:00:57"]

1. d4 d5 2. c4 e6 3. Nf3 Nf6 4. Nc3 Nbd7 5. Qc2 Be7 6. Bf4 O-O 7. cxd5 exd5 8. Nb5 Bb4+ 9. Nd2 c6 10. Nc3 Re8 11. e3 Nh5 12. Bg3 Nxg3 13. hxg3 Nf6 14. Bd3 g6 15. O-O-O a5 16. Nf3 Bd6 17. Ng5 Bf8 18. Rde1 Bg7 19. f3 b5 20. g4 a4 21. Kb1 a3 22. b3 Nxg4 23. Nxf7 Kxf7 24. fxg4 Kg8 25. Bxg6 hxg6 26. Qxg6 Re6 27. Qh7+ Kf8 28. Ref1+ Rf6 29. g5 1-0


[Site "https://www.chess.com"]

[Event "Titled Tuesday Blitz March 01 Late 2022"]
[White "Vifleemskaia, Svetlana"]
[Black "Adewumi, Tanitoluwa"]
[WhiteFideId "4129490"]
[BlackFideId "30966396"]
[WhiteElo "1901"]
[BlackElo "2533"]
[Result "0-1"]
[Round "02"]
[TimeControl "180+1"]
[Date "2022.03.02"]
[WhiteClock "0:00:18"]
[BlackClock "0:00:17"]

1. d4 Nf6 2. c4 g6 3. Nc3 Bg7 4. e4 d6 5. Nge2 O-O 6. Ng3 e5 7. d5 c6 8. Be2 cxd5 9. cxd5 a6 10. O-O b5 11. Be3 Nbd7 12. Rc1 Qa5 13. f3 Bb7 14. Qd2 Rfc8 15. a3 Bf8 16. Na2 Qxd2 17. Bxd2 Be7 18. Nb4 Bd8 19. Be3 Bb6 20. Kf2 Bxe3+ 21. Kxe3 Kg7 22. Kd2 Nc5 23. Ke3 h5 24. h4 Nfd7 25. Bd3 Nb3 26. Rxc8 Rxc8 27. Ne2 Nb6 28. g4 hxg4 29. fxg4 Na4 30. Bc2 Nbc5 31. Bxa4 Nxa4 32. Nd3 Rh8 33. Rh1 Bc8 34. Kf3 f5 35. gxf5 gxf5 36. Ng3 f4 37. Ne2 Kf6 38. Nc3 Nxc3 39. bxc3 Rg8 40. h5 Rg3+ 41. Ke2 Bg4+ 42. Kd2 Rg2+ 43. Kc1 Kg7 44. h6+ Kh7 45. Nb4 f3 46. Nc2 f2 47. Rf1 Be2 48. Ne3 Bxf1 49. Nxf1 Rg1 0-1


[Site "https://www.chess.com"]

[Event "Titled Tuesday Blitz March 01 Late 2022"]
[White "Vine, Elzbieta"]
[Black "Sliwicki, Damian"]
[WhiteFideId "1119320"]
[BlackFideId "1127128"]
[WhiteElo "1861"]
[BlackElo "2084"]
[Result "0-1"]
[Round "02"]
[TimeControl "180+1"]
[Date "2022.03.02"]
[WhiteClock "0:00:14"]
[BlackClock "0:00:19"]

1. e4 c5 2. Nf3 g6 3. d4 c4 4. Nc3 b5 5. Nxb5 Bb7 6. Nc3 d5 7. e5 Bg7 8. Bf4 Nc6 9. Qd2 h5 10. Be2 Nh6 11. h3 Nf5 12. O-O-O Qa5 13. g4 Nh6 14. gxh5 Nf5 15. hxg6 fxg6 16. Rdg1 Rb8 17. Rxg6 Bc8 18. Rhg1 Qb4 19. Nd1 Qa4 20. a3 Bf8 21. R6g5 e6 22. c3 Bxa3 23. Rg8+ Rxg8 24. Rxg8+ Kf7 0-1


[Site "https://www.chess.com"]

[Event "Titled Tuesday Blitz March 01 Late 2022"]
[White "Voit, Daria"]
[Black "Makarian, Rudik"]
[WhiteFideId "4182146"]
[BlackFideId "44105681"]
[WhiteElo "2323"]
[BlackElo "2486"]
[Result "0-1"]
[Round "02"]
[TimeControl "180+1"]
[Date "2022.03.01"]
[WhiteClock "0:00:25"]
[BlackClock "0:00:33"]

1. g3 g6 2. Bg2 Bg7 3. c4 c5 4. Nf3 Nc6 5. O-O Nf6 6. d4 cxd4 7. Nxd4 h5 8. h4 O-O 9. Nc3 Ng4 10. Nxc6 dxc6 11. Qc2 Bf5 12. e4 Be6 13. b3 b5 14. cxb5 cxb5 15. Bb2 Rc8 16. b4 Qd4 17. Rac1 Qxb4 18. Ba1 Qa5 19. Qd3 Rfd8 20. Qf3 Ne5 21. Qe3 Nd3 22. Nd5 Rxc1 23. Rxc1 Nxc1 24. Bxg7 Kxg7 25. Qxc1 Bxd5 26. exd5 Qb6 27. Qc3+ Qf6 28. Qc7 Qb6 29. Qxe7 a5 30. Qe5+ Qf6 31. Qc7 a4 32. Qb7 Qa1+ 33. Kh2 Qxa2 34. Qxb5 Qxf2 35. Qc6 a3 36. Qc7 a2 0-1


[Site "https://www.chess.com"]

[Event "Titled Tuesday Blitz March 01 Late 2022"]
[White "Wagner, Dennis"]
[Black "Tomb, Maroun"]
[WhiteFideId "24650684"]
[BlackFideId "5300398"]
[WhiteElo "2355"]
[BlackElo "2543"]
[Result "0-1"]
[Round "02"]
[TimeControl "180+1"]
[Date "2022.03.01"]
[WhiteClock "0:00:07"]
[BlackClock "0:00:48"]

1. d4 d6 2. e4 Nf6 3. Nc3 e5 4. Nf3 Nbd7 5. Bc4 Be7 6. a4 c6 7. O-O Qc7 8. h3 h6 9. Be3 Nf8 10. a5 Ng6 11. Re1 O-O 12. Qd2 Kh7 13. Bf1 Nh5 14. g3 Nf6 15. Bg2 Be6 16. b3 Rfd8 17. d5 cxd5 18. Nxd5 Nxd5 19. exd5 Bd7 20. c4 f5 21. Nh2 Bf6 22. Rac1 Rf8 23. f4 e4 24. b4 b6 25. axb6 axb6 26. Qf2 Rfb8 27. Nf1 Ra4 28. b5 Rxc4 29. Bxb6 Rxb6 30. Rxc4 Qxc4 31. Ne3 Qc5 32. g4 Bd4 33. gxf5 Bxf5 34. Kh2 Rxb5 35. Qg3 Bxe3 36. Rxe3 Rb2 37. h4 Nxh4 38. Qxh4 Qxe3 39. Kh1 Rb1+ 40. Kh2 Qg1+ 41. Kg3 Qe1+ 0-1


[Site "https://www.chess.com"]

[Event "Titled Tuesday Blitz March 01 Late 2022"]
[White "Winkels, Marcel"]
[Black "Grischuk, Alexander"]
[WhiteFideId "1003887"]
[BlackFideId "4126025"]
[WhiteElo "1900"]
[BlackElo "2762"]
[Result "0-1"]
[Round "02"]
[TimeControl "180+1"]
[Date "2022.03.02"]
[WhiteClock "0:00:02"]
[BlackClock "0:00:54"]

1. e4 d5 2. exd5 Qxd5 3. Nc3 Qa5 4. d4 Nf6 5. Bd2 c6 6. Bc4 Bf5 7. Qe2 Qc7 8. O-O-O Nbd7 9. Nf3 e6 10. Ne5 b5 11. Bd3 Bxd3 12. cxd3 Bd6 13. f4 O-O 14. Kb1 Nd5 15. Ne4 f6 16. Nxd6 Qxd6 17. Nxd7 Qxd7 18. Rde1 Rfe8 19. g4 b4 20. g5 f5 21. h4 Rab8 22. Ka1 Qc7 23. Qe5 Qxe5 24. fxe5 Kf7 25. h5 Ke7 26. Rc1 Kd7 27. Rc4 a5 28. Rhc1 Rb6 29. a3 f4 30. Rf1 Rf8 31. Rc2 Rf5 32. Rg1 f3 33. h6 g6 34. Rcc1 bxa3 35. bxa3 Rb3 36. Ka2 Rxd3 37. Rcd1 a4 38. Bb4 Rxd1 39. Rxd1 f2 40. Rf1 Ne3 0-1


[Site "https://www.chess.com"]

[Event "Titled Tuesday Blitz March 01 Late 2022"]
[White "Wu, Sibo"]
[Black "Jacobson, Aaron"]
[WhiteFideId "8606048"]
[BlackFideId "2089912"]
[WhiteElo "2307"]
[BlackElo "2265"]
[Result "0-1"]
[Round "02"]
[TimeControl "180+1"]
[Date "2022.03.02"]
[WhiteClock "0:00:42"]
[BlackClock "0:01:08"]

1. d4 Nf6 2. Bf4 g6 3. Nc3 b5 4. Nxb5 Nd5 5. Bg3 c6 6. Nc3 Qb6 7. Nxd5 cxd5 8. Rb1 Nc6 9. c3 Ba6 10. Nf3 f6 11. Qb3 Qa5 12. e3 Bxf1 13. Rxf1 d6 14. a3 Rb8 15. Qc2 e5 16. Nd2 Kf7 17. f4 e4 18. f5 g5 19. Kf2 h5 20. h4 Rg8 21. Kg1 gxh4 22. Bxh4 Rg4 23. g3 Bh6 24. Rbe1 Rbg8 25. Kh2 Bg5 26. Bxg5 R8xg5 27. Rg1 h4 28. Nf1 hxg3+ 29. Rxg3 Qd8 30. Qg2 Qh8+ 31. Kg1 Qh4 32. Kf2 Rxf5+ 33. Ke2 Rxf1 34. Rxf1 Rxg3 0-1


[Site "https://www.chess.com"]

[Event "Titled Tuesday Blitz March 01 Late 2022"]
[White "Zakhartsov, Vladimir"]
[Black "Kulon, Klaudia"]
[WhiteFideId "4145097"]
[BlackFideId "1131044"]
[WhiteElo "2432"]
[BlackElo "2281"]
[Result "0-1"]
[Round "02"]
[TimeControl "180+1"]
[Date "2022.03.01"]
[WhiteClock "0:00:07"]
[BlackClock "0:00:31"]

1. d4 Nf6 2. c4 g6 3. Nc3 Bg7 4. e4 d6 5. Be2 O-O 6. h4 c5 7. d5 h6 8. Be3 Nbd7 9. Qd2 Kh7 10. Nh3 Ne5 11. f3 Nh5 12. Bf2 f5 13. exf5 gxf5 14. Nf4 Nxf4 15. Qxf4 Ng6 16. Qd2 f4 17. Bd3 Bf5 18. Bxf5 Rxf5 19. Ne4 Ne5 20. Rc1 Kh8 21. b3 a6 22. h5 b5 23. Rh4 bxc4 24. bxc4 Rb8 25. Kf1 Rb4 26. Rxf4 Rxh5 27. Ng3 Rg5 28. Rh4 Rg6 29. Nf5 Qf8 30. Nxg7 Qxg7 31. a3 Rb3 32. Be3 Kh7 33. Bxh6 Rxh6 34. Qc2+ Rd3 35. Rxh6+ Qxh6 36. Kg1 Qd2 37. Qb1 Kh6 38. Re1 Rxf3 39. Re4 Qf2+ 40. Kh1 Qf1+ 41. Qxf1 Rxf1+ 42. Kh2 Rc1 43. Rf4 Rxc4 44. Rf8 Ra4 45. Re8 Ng6 46. g3 Rxa3 47. Kh3 a5 48. Kg4 a4 49. Kf5 Rf3+ 50. Kg4 Rf8 0-1


[Site "https://www.chess.com"]